cohdb
Replays
Latest Replays
All Replays
Popular Replays
Top Player Replays
Match Explorer
How It Works
Community
CoH3 Stats
Reddit
Sign in to upload your games and track your stats! →
Sign in with Steam
Match 38345149
Unlisted
Match 38345149
Overview
Messages
Build Orders
End
Vickers Machine Gun Team
Construct Section Command Post
Selects Heavy Armor Battlegroup
Infantry Section
Infantry Section
ML 3-inch Mortar Team
Selects Engineer Detachments
Royal Engineer Section
Construct Platoon Command Post
Team Weapon Training
Vickers Machine Gun Team
Unlock M3 Stuart Light Tanks
M3 Stuart Light Tank
ML 3-inch Mortar Team
Construct Company Command Post
6-pounder Anti-tank Gun Team
Crusader II Medium Tank
Grenade Package
Crusader II Medium Tank
Selects Crusader AA Medium Tank
Selects Churchill Black Prince Heavy Tank
Foot Guards Section
Churchill Black Prince Heavy Tank
Selects Light Vehicle Withdraw and Refit
Selects Radio Net
Crusader II Medium Tank
Dunkerque
WilllTHENOOBz
Alfonso
KevinTDW
0
0
Comments
sign in to comment!
No comments posted yet!